 Dungeon Crawl Stone Soup version 0.27-a0-972-gd1521fd518 (webtiles) character file.

Game seed: 7636716874867952884

483 leviel the Covered (level 6, -8/56 HPs)
             Began as a Minotaur Fighter on Apr 13, 2021.
             Killed by divine providence
             ... invoked by a smoke demon
             ... summoned by the player character
              (17 damage)
             ... on level 4 of the Dungeon.
             The game lasted 00:05:09 (3615 turns).

leviel the Covered (Minotaur Fighter)               Turns: 3615, Time: 00:05:11

Health: -8/56      AC:  7    Str: 22    XL:     6   Next: 88%
Magic:  5/5        EV:  9    Int:  5    God:
Gold:   228        SH: 10    Dex: 10    Spells: 5/5 levels left

rFire    + . .     SeeInvis +   d - +14 obsidian axe {vorpal, Drain Fly SInv}
rCold    . . .     Faith    .   c - +0 kite shield
rNeg     . . .     Spirit   .   s - +1 leather armour of Too Many Cooks {rF+}
rPois    .         Reflect  .   (helmet restricted)
rElec    .         Harm     .   (no cloak)
rCorr    .         Rampage  .   h - +1 pair of gloves
Will     .....                  (no boots)
Stlth    +.........             (no amulet)
HPRegen  0.18/turn              (no ring)
MPRegen  0.09/turn              (no ring)

@: on fire, flying, mesmerised, very slightly contaminated, glowing, invisible
(but backlit and visible)
A: horns 2, retaliatory headbutt
a: no special abilities


You were on level 4 of the Dungeon.
You visited 1 branch of the dungeon, and saw 4 of its levels.

You collected 228 gold pieces.

Inventory:

Hand Weapons
 a - a +0 war axe
 d - the +14 obsidian axe (weapon) {vorpal, Drain Fly SInv}
   (You found it on level 3 of the Dungeon)

   It inflicts extra damage upon your enemies.
   It lets you see invisible.
   It grants you flight.
   It drains your maximum health when unequipped.
Armour
 b - a +0 scale mail
 c - a +0 kite shield (worn)
 h - a +1 pair of gloves (worn)
 s - the +1 leather armour of Too Many Cooks (worn) {rF+}
   (You found it on level 4 of the Dungeon)

   It protects you from fire.
Jewellery
 n - a +6 ring of dexterity
Scrolls
 g - a scroll of identify {unknown}
 i - a scroll of enchant weapon {unknown}
 j - a scroll of fog {unknown}
 k - 2 scrolls of teleportation {unknown}
 l - 2 scrolls of brand weapon {unknown}
 m - 2 scrolls of enchant armour {unknown}
 o - a scroll of magic mapping {unknown}
 p - a scroll of torment {unknown}
 r - a scroll of vulnerability {unknown}
Potions
 e - a potion of ambrosia {unknown}
 q - a potion of haste {unknown}
 t - a potion of brilliance {unknown}


   Skills:
 + Level 5.6 Fighting
 + Level 4.9 Axes
 + Level 5.6 Armour
 + Level 5.5 Shields


You had 5 spell levels left.
You didn't know any spells.
Your spell library contained the following spells:

 Spells                   Type           Power      Damage    Failure   Level
 Animate Skeleton         Necr           0%         N/A       91%         1
 Apportation              Tloc           0%         N/A       91%         1
 Corona                   Hex            0%         N/A       91%         1
 Summon Small Mammal      Summ           0%         N/A       91%         1
 Confusing Touch          Hex            0%         N/A       99%         3
 Gell's Gravitas          Tloc           0%         N/A       99%         3
 Petrify                  Tmut/Erth      0%         N/A       100%        4
 Metabolic Englaciation   Hex/Ice        0%         N/A       100%        5
 Yara's Violent Unravell  Hex/Tmut       0%         3d3       100%        5


Dungeon Overview and Level Annotations

Branches:
Dungeon (4/15)
 Temple: D:4-7

Altars:
Wu Jian


Innate Abilities, Weirdness & Mutations

You have a pair of horns on your head.
You reflexively headbutt those who attack you in melee.


Message History

You block the water moccasin skeleton's attack. x2
Your life force feels restored.
You slice the water moccasin skeleton!!
Your headbutt misses the water moccasin skeleton.
The water moccasin skeleton is severely damaged.
You closely miss the smoke demon.
The water moccasin skeleton closely misses you.
You block the smoke demon's attack.
The smoke demon hits you but does no damage. x2
Your neqoxec hits the water moccasin skeleton!
You break out of your daze!
The water moccasin skeleton is destroyed!
You block the smoke demon's attack.
The smoke demon hits you but does no damage. x2
Visions of slaying the smoke demon flood into your mind.
Things that are here:
a +0 giant club; an ogre corpse You fade into invisibility!
Your neqoxec barely misses the smoke demon.
The smoke demon hits you.
* * * LOW HITPOINT WARNING * * *
The smoke demon hits you but does no damage.
The smoke demon barely misses you.
You are very lightly contaminated with residual magic.
You cannot move away from the smoke demon!
You cannot move away from the smoke demon!
You barely miss the smoke demon. Your headbutt misses the smoke demon.
Your neqoxec hits the smoke demon! The smoke demon gestures at you.
The sticky flame hits you. You resist.
You are covered in liquid flames!
* * * LOW HITPOINT WARNING * * *
Your neqoxec hits the smoke demon. You slash the smoke demon!
The smoke demon is almost dead.
You are covered in liquid flames!
* * * LOW HITPOINT WARNING * * *
The smoke demon gestures at you. Something smites you!
You die...

#########
############.......#
#..........#.......#
+..........#.......#
#..........#.......#
#..........#.......#
#####..........#.......#
...........!...#.......#
.......@3).....#.......#
...#####3#######.......#
#.............#####..
+.............#...#..
###.............#...#..
................'...#..
................#...#..
................#...#..
................#...#..


You could see a smoke demon (summoned, mesmerising, ally target) and a friendly
neqoxec (summoned).

Vanquished Creatures
  The ghost of Zeld the Skirmisher, an amateur HOFi (D:3)
  2 ogres (D:4)
  The ghost of LuckyCharm the Scratcher, a weakling FeTm of the Shining One (D:3)
  Jessica (D:2)
  An adder (D:2)
  3 worms (D:3)
  5 orcs (D:3)
  5 bats
  7 endoplasms
  A giant cockroach (D:3)
  10 goblins
  2 hobgoblins (D:1)
  6 jackals
  3 quokkas
  7 ball pythons
  2 frilled lizards
  3 kobolds
  6 rats
66 creatures vanquished.

Vanquished Creatures (collateral kills)
  A water moccasin skeleton (D:4)
1 creature vanquished.

Grand Total: 67 creatures vanquished

Notes
Turn   | Place    | Note
-------+----------+-------------------------------------------
     0 | D:1      | leviel the Minotaur Fighter began the quest for the Orb.
     0 | D:1      | Reached XP level 1. HP: 19/19 MP: 0/0
   227 | D:1      | Reached XP level 2. HP: 25/27 MP: 1/1
   542 | D:1      | Found a faded altar of an unknown god.
   963 | D:2      | Noticed Jessica
   978 | D:2      | Killed Jessica
   979 | D:2      | Reached XP level 3. HP: 33/33 MP: 2/2
  1030 | D:2      | Reached XP level 4. HP: 41/41 MP: 3/3
  2550 | D:3      | Found a runed translucent gate.
  2550 | D:3      | Found a runed translucent gate.
  2555 | D:3      | Noticed LuckyCharm's ghost (weakling FeTm)
  2556 | D:3      | Found a runed translucent gate.
  2556 | D:3      | Noticed Zeld's ghost (amateur HOFi)
  2559 | D:3      | Found the +14 obsidian axe {vorpal, Drain Fly SInv}
  2566 | D:3      | Killed LuckyCharm's ghost
  2568 | D:3      | Killed Zeld's ghost
  2569 | D:3      | Reached skill level 5 in Fighting
  2569 | D:3      | Reached skill level 5 in Armour
  2569 | D:3      | Reached skill level 5 in Shields
  2569 | D:3      | Reached XP level 5. HP: 35/48 MP: 4/4
  2569 | D:3      | Reached XP level 6. HP: 41/56 MP: 5/5
  2671 | D:3      | Noticed a soul eater
  2679 | D:3      | HP: 2/53 [soul eater[the player character] (2)]
  3211 | D:4      | Found an ornate altar of the Wu Jian Council.
  3337 | D:4      | Identified the +1 leather armour of Too Many Cooks {rF+}
  3609 | D:4      | Noticed a smoke demon
  3615 | D:4      | Killed from afar by a smoke demon

Illustrated notes

Levels and vault maps discovered:
D:1:      saegor_arrival_under_anarchy, layout_basic,
          hellmonk_ecumenical_altar_lost_god, chequers_avenue
D:2:      layout_basic, uniq_jessica
D:3:      layout_basic, gammafunk_ghost_cemetery
D:4:      layout_gridville, minitemple, amcnicky_mini_corridor_feature

Skill      XL: |  1  2  3  4 |
---------------+-------------+-----
Fighting       | 4 5 |  5.6
Armour         | 4 5 |  5.6
Shields        | 4 5 |  5.5
Axes           | 3 4 |  4.9

Action                   |  1- 3 |  4- 6 || total
-------------------------+-------+-------++-------
Melee: War axe           |    72 |    70 ||   142
       Headbutt          |     7 |    15 ||    22
       Broad axe         |       |    22 ||    22
  Use: Scroll            |     1 |       ||     1
       Potion            |       |     4 ||     4
Armor: Scale mail        |    42 |    26 ||    68
       Leather armour    |       |     5 ||     5
Dodge: Dodged            |    26 |    20 ||    46
Block: Kite shield       |    50 |    55 ||   105

Table legend: (Time is in decaauts)
 A = Elapsed time spent in this place.
 B = Non-inter-level travel time spent in this place.
 C = Inter-level travel time spent in this place.
 D = Time resting spent in this place.
 E = Time spent auto-exploring this place.
 F = Levels seen in this place.
 G = Mean time per level.
                   A        B        C        D        E       F      G
               +--------+--------+--------+--------+--------+-----+--------+
         Total |   3705 |   3609 |     96 |    190 |   2945 |   4 |  926.2 |
       Dungeon |   3705 |   3609 |     96 |    190 |   2945 |   4 |  926.2 |
               +--------+--------+--------+--------+--------+-----+--------+

Top non-repeatable levels by time:
     D:3: 1604 daAuts
     D:1: 896 daAuts
     D:2: 693 daAuts
     D:4: 510 daAuts
